 Dungeon Crawl Stone Soup version 0.26-a0-651-gb41185065b (webtiles) character file.

Game seed: 17098722502195359266

73 Peloso the Skirmisher (level 4, -3/35 HPs)
             Began as a Demonspawn Fighter on Sept 28, 2020.
             Slain by a worker ant (6 damage)
             ... on level 3 of the Dungeon.
             The game lasted 00:03:14 (1687 turns).

Peloso the Skirmisher (Demonspawn Fighter)          Turns: 1687, Time: 00:03:14

Health: -3/35      AC:  6    Str: 17    XL:     4   Next: 8%
Magic:  4/4        EV:  8    Int:  9    God:
Gold:   63         SH:  9    Dex: 13    Spells: 3/3 levels left

rFire    . . .     SeeInvis .   a - +0 long sword
rCold    . . .     Faith    .   c - +0 kite shield
rNeg     . . .     Spirit   .   b - +0 scale mail
rPois    .         Reflect  .   (no helmet)
rElec    .         Harm     .   (no cloak)
rCorr    .         Rampage  .   (no gloves)
MR       .....                  (no boots)
Stlth    +.........             (no amulet)
HPRegen  0.11/turn              (no ring)
MPRegen  0.09/turn              (no ring)

@: lethally poisoned (-3 -> -5)
A: sturdy frame 2
a: no special abilities


You were on level 3 of the Dungeon.
You visited 1 branch of the dungeon, and saw 3 of its levels.

You collected 63 gold pieces.

Inventory:

Hand Weapons
 a - a +0 long sword (weapon)
Armour
 b - a +0 scale mail (worn)
 c - a +0 kite shield (worn)
Jewellery
 h - an uncursed amulet of reflection {unknown}
Scrolls
 e - 2 scrolls of remove curse
 g - 3 scrolls of teleportation
Potions
 d - 3 potions of might
 i - a potion of stabbing
 k - a potion of flight


   Skills:
 + Level 3.4 Fighting
 + Level 2.6 Long Blades
 + Level 3.1 Armour
 + Level 0.2 Dodging
 + Level 3.1 Shields


You had 3 spell levels left.
You didn't know any spells.
Your spell library was empty.

Dungeon Overview and Level Annotations

Branches:
Dungeon (3/15)

Altars:


Innate Abilities, Weirdness & Mutations

Your movements are less encumbered by armour. (ER -4)


Message History

You feel sick. You block the worker ant's attack.
The worker ant barely misses you. The ooze hits you but does no damage.
You hit the worker ant but do no damage.
The worker ant is moderately wounded.
You feel sick. The worker ant bites you. You block the ooze's attack.
You block the worker ant's attack. The ooze hits you but does no damage.
You barely miss the worker ant.
The worker ant is moderately wounded.
The worker ant bites you but does no damage.
The ooze hits you but does no damage.
The worker ant bites you but does no damage.
You barely miss the worker ant.
The worker ant is moderately wounded.
You feel sick. The ooze hits you but does no damage. The worker ant bites you.
* * * LOW HITPOINT WARNING * * *
Unknown command.
Okay, then.
* * * LOW HITPOINT WARNING * * *
You feel sick. The worker ant bites you.
You die...

.......#####..$ .....
........#....... .....
............... ......
............# ....
#.#.........#
...###.#.........#
#+#(..............#
#.[........a.##.....
###.........@J.##.####
#.................#
#..............#...#
...............#.#.#
#..........<.....# ..
#........).)....## .
#...##..........# #...
#..........# #..
#..........#


You could see a worker ant and an ooze.

Vanquished Creatures
  An orc wizard (D:3)
  2 dart slugs (D:1)
  A leopard gecko (D:2)
  2 orcs
  2 bats
  4 giant cockroaches
  9 goblins
  3 hobgoblins
  A quokka (D:2)
  2 frilled lizards
  5 kobolds
  5 rats
37 creatures vanquished.

Notes
Turn   | Place    | Note
-------+----------+-------------------------------------------
     0 | D:1      | Peloso the Demonspawn Fighter began the quest for the Orb.
     0 | D:1      | Reached XP level 1. HP: 18/18 MP: 1/1
   244 | D:1      | Gained mutation: Your movements are slightly less
                  | encumbered by armour. (ER -2) [demonic ancestry]
   244 | D:1      | Reached XP level 2. HP: 24/24 MP: 2/2
   437 | D:1      | You fall into a shaft and drop 1 floor!
   735 | D:2      | Reached XP level 3. HP: 29/29 MP: 3/3
  1640 | D:3      | Gained mutation: Your movements are less encumbered by
                  | armour. (ER -4) [demonic ancestry]
  1640 | D:3      | Reached XP level 4. HP: 32/35 MP: 4/4
  1687 | D:3      | Slain by a worker ant

Illustrated notes

Levels and vault maps discovered:
D:1:      minmay_arrival_widening_spiral_wide, layout_loops_ring
D:2:      layout_loops_ring, minmay_misc_feat_room, minmay_tromino_v4_c
D:3:      layout_basic, uniq_natasha

Skill      XL: |  1  2  3 |
---------------+----------+-----
Armour         | 3 |  3.1
Long Blades    | 2 |  2.6
Shields        | 3 |  3.1
Fighting       | |  3.4
Dodging        | |  0.2

Action                   |  1- 3 |  4- 6 || total
-------------------------+-------+-------++-------
Melee: Long sword        |   119 |    17 ||   136
  Use: Potion            |     4 |       ||     4
       Scroll            |     3 |       ||     3
Armor: Scale mail        |    49 |    14 ||    63
Dodge: Dodged            |    37 |    10 ||    47
Block: Kite shield       |    63 |    13 ||    76
       Rpst.: Long sword |    13 |     2 ||    15

Table legend: (Time is in decaauts)
 A = Elapsed time spent in this place.
 B = Non-inter-level travel time spent in this place.
 C = Inter-level travel time spent in this place.
 D = Time resting spent in this place.
 E = Time spent auto-exploring this place.
 F = Levels seen in this place.
 G = Mean time per level.
                   A        B        C        D        E       F      G
               +--------+--------+--------+--------+--------+-----+--------+
         Total |   1741 |   1687 |     54 |     96 |   1191 |   3 |  580.3 |
       Dungeon |   1741 |   1687 |     54 |     96 |   1191 |   3 |  580.3 |
               +--------+--------+--------+--------+--------+-----+--------+

Top non-repeatable levels by time:
     D:2: 869 daAuts
     D:1: 796 daAuts
     D:3: 75 daAuts
